 Dungeon Crawl Stone Soup version 0.29.0-15-g675c0067aa (webtiles) character file.

Game seed: 9607281004083003207

25 xian the Vexing (level 2, -4/14 HPs)
             Began as a Spriggan Arcane Marksman on Sept 12, 2022.
             Slain by Terence
             ... wielding a +0 flail
              (12 damage)
             ... on level 2 of the Dungeon.
             The game lasted 00:01:51 (774 turns).

xian the Vexing (Spriggan Arcane Marksman)           Turns: 774, Time: 00:01:52

Health: -4/14      AC:  2    Str:  6    XL:     2   Next: 82%
Magic:  5/5        EV: 17    Int: 14    God:
Gold:   43         SH:  0    Dex: 15    Spells: 3/4 levels left

rFire   . . .      SeeInvis +   a - +1 sling
rCold   . . .      Faith    .   (no shield)
rNeg    . . .      Spirit   .   c - +0 robe
rPois   .          Reflect  .   (helmet restricted)
rElec   .          Harm     .   (no cloak)
rCorr   .          Rampage  .   (gloves unavailable)
Will    .....                   (boots unavailable)
Stlth   +.........              (no amulet)
HPRegen 0.04/turn               (no ring)
MPRegen 0.09/turn               (no ring)

@: very quick
A: very small, no large weapons, unfitting armour, see invisible, speed 3
a: no special abilities


You were on level 2 of the Dungeon.
You visited 1 branch of the dungeon, and saw 2 of its levels.

You collected 43 gold pieces.

Inventory:

Hand Weapons
 a - a +1 sling (weapon)
 d - a +0 dagger
Armour
 c - a +0 robe (worn)
Scrolls
 b - 3 scrolls of poison
 g - a scroll of identify {unknown}
Potions
 e - a potion of resistance {unknown}
 f - 2 potions of degeneration {unknown}
 h - a potion of berserk rage {unknown}


   Skills:
 + Level 1.0 Fighting
 + Level 2.5 Ranged Weapons
 + Level 2.7 Dodging
 + Level 1.8 Spellcasting
 + Level 4.2 Hexes


You had 3 spell levels left.
You knew the following spells:

 Your Spells              Type           Power      Damage    Failure   Level
a - Slow                  Hex            52%        N/A       4%          1

Your spell library contained the following spells:

 Spells                   Type           Power      Damage    Failure   Level
 Inner Flame              Hex/Fire       7%         N/A       30%         3
 Portal Projectile        Hex/Tloc       14%        N/A       30%         3
 Cause Fear               Hex            6%         N/A       38%         4


Dungeon Overview and Level Annotations

Branches:
Dungeon (2/15)

Altars:

Annotations:
D:2 Terence


Innate Abilities, Weirdness & Mutations

You are very small and have problems with some larger weapons.
You are too small for most types of armour.
You have supernaturally acute eyesight. (SInv)
You cover ground extremely quickly. (Speed+++)


Message History

You shoot a sling bullet.
The sling bullet closely misses Terence.
Casting: Slow (safe; 4% risk of failure)
Confirm with . or Enter, or press ? or * to list all spells.
Aiming: Slow (safe; 4% risk of failure)
Press: ? - help, Shift-Dir - straight line, f/p - Terence
Aim: Terence, wielding a +0 flail and wearing a +0 scale mail of cold resistance (chance to affect: 61%) Terence seems to slow down.
You shoot a sling bullet. The sling bullet hits Terence.
Terence is lightly wounded.
You shoot a sling bullet. The sling bullet hits Terence.
Terence is heavily wounded.
You shoot a sling bullet. The sling bullet barely misses Terence.
You shoot a sling bullet. The sling bullet barely misses Terence.
Terence hits you with a +0 flail.
You shoot a sling bullet. The sling bullet hits Terence.
Terence is heavily wounded.
You shoot a sling bullet. The sling bullet hits Terence.
Terence is severely wounded.
You shoot a sling bullet.
The sling bullet closely misses Terence.
There is a stone staircase leading up here.
You climb upwards.
There is a stone staircase leading down here.
You start resting.
Magic restored.
There is a shaft here.
There is a stone staircase leading down here.
You climb downwards.
Level annotation: Terence
There is a stone staircase leading up here.
You shoot a sling bullet.
The sling bullet hits Terence but does no damage.
Terence is severely wounded.
Terence is no longer moving slowly.
You shoot a sling bullet. The sling bullet hits Terence.
Terence is almost dead.
Terence drinks a potion.
Terence is healed!
Terence hits you with a +0 flail!
Ouch! That really hurt!
You die...

###
#..##########
#.........@@#
#......######
#.....###.#
#.###. #.# #
.. #.# ..=
#.# .... #.#
##### #.# #.#


You could see Terence.

Vanquished Creatures
  2 worms (D:1)
  3 giant cockroaches (D:1)
  A goblin (D:1)
  4 hobgoblins (D:1)
  A kobold (D:1)
  A quokka (D:1)
  2 ball pythons (D:1)
  2 bats (D:1)
  A frilled lizard (D:1)
  A rat (D:1)
18 creatures vanquished.

Vanquished Creatures (others)
  3 fungi (D:1)
  3 plants (D:1)
6 creatures vanquished.

Grand Total: 24 creatures vanquished

Notes
Turn   | Place    | Note
-------+----------+-------------------------------------------
     0 | D:1      | xian the Spriggan Arcane Marksman began the quest for the
                  | Orb.
     0 | D:1      | Reached XP level 1. HP: 9/9 MP: 3/3
    92 | D:1      | Reached skill level 4 in Hexes
   134 | D:1      | Reached XP level 2. HP: 14/14 MP: 2/5
   339 | D:1      | Found a faded altar of an unknown god.
   366 | D:1      | Reached skill level 1 in Fighting
   739 | D:2      | Noticed Terence
   774 | D:2      | Slain by Terence

Illustrated notes

Levels and vault maps discovered:
D:1:      denvon_arrival_planthouse, layout_loops_cross,
          dreamdust_ecumenical_altar_grove, kennysheep_pointless_box,
          nicolae_wormholes
D:2:      layout_basic, serial_curves, eino_curves_02, eino_curves_04,
          uniq_terence, uniq_robin

Skill      XL: |  1  2 |
---------------+-------+-----
Hexes          | 4 |  4.2
Fighting       | 1 |  1.0
Ranged Weapons | |  2.5
Dodging        | |  2.7
Spellcasting   | |  1.8

Action                   || total
-------------------------++-------
 Fire: Sling             ||    65
 Cast: Slow              ||     7
Dodge: Dodged            ||    12
